 Dungeon Crawl Stone Soup version 0.31.0-9-g3a7656b989 (webtiles) character file.

Game seed: 13720819584228130886

19 qw the Shooter (level 2, 0/16 HPs)
             Began as a Deep Elf Hunter on Feb 3, 2024.
             Succumbed to their own poison gas
             ... on level 1 of the Dungeon.
             The game lasted 00:00:12 (784 turns).

qw the Shooter (Deep Elf Hunter)                     Turns: 784, Time: 00:00:13

Health: 0/16       AC:  3    Str:  8    XL:     2   Next: 55%
Magic:  4/4        EV: 12    Int: 13    God:
Gold:   53         SH:  0    Dex: 18    Spells: 1/1 levels left

rFire   . . .        a - +0 shortbow
rCold   . . .        (shield currently unavailable)
rNeg    . . .        c - +0 leather armour
rPois   .            (no helmet)
rElec   .            (no cloak)
rCorr   .            (no gloves)
SInv    .            (no boots)
Will    .....        (no amulet)
Stlth   ++           (no ring)
HPRegen 0.22/turn    (no ring)
MPRegen 0.09/turn

%: no passive effects
@: lethally poisoned (0 -> -15)
A: no striking features
a: no special abilities


You were on level 1 of the Dungeon.
You visited 1 branch of the dungeon, and saw 1 of its levels.

You collected 53 gold pieces.


   Skills:
 - Level 1.5 Fighting
 + Level 6.3 Ranged Weapons
 - Level 2.4 Dodging
 - Level 1.2 Stealth


You had one spell level left.
You didn't know any spells.
Your spell library was empty.

Inventory:

Hand Weapons
 a - a +0 shortbow (weapon)
Armour
 c - a +0 leather armour (worn)
Scrolls
 g - 3 scrolls of identify

Dungeon Overview and Level Annotations

Branches:
Dungeon (1/15)

Altars:


Message History

It was a scroll of fear.
Done exploring.
778 ||| READING scroll labelled FATECK NUPRUA.
The air fills with toxic fumes!
As you read the scroll labelled FATECK NUPRUA, it crumbles to dust.
It was a scroll of poison.
Done exploring.
779 ||| READING 4 scrolls labelled RIGGEB RUEMPYE.
As you read the scroll labelled RIGGEB RUEMPYE, it crumbles to dust.
It is a scroll of identify.
You don't currently have any unidentified items.
Done exploring.
780 ||| DROPPING scroll of butterflies.
You drop a scroll of butterflies.
Done exploring.
781 ||| DROPPING 2 scrolls of fear.
You drop 2 scrolls of fear.
Done exploring.
What level of the Dungeon? (default 1, ? - help) Sorry, I don't know how to get there.
Enter note:
Enter note:
Enter note:
Enter note:
Enter note:
Enter note:
Enter note:
Enter note:
Enter note:
Enter note:
Enter note:
Enter note: You are engulfed in poison gas.
You are lethally poisoned!
You feel very sick.
There is an open door here.
783 ||| Stepping ~*~*~tactically~*~*~ (cloud).
You feel very sick.
Things that are here:
2 scrolls of fear; a scroll of butterflies
There is a lethal amount of poison in your body!
You die...

##########
##........###
##..777777...#
####..77¤P7%7...#
#....77PP#####..#
##...77¤0P#...#..#
#...77P0P@#...7..#
#.#.7¤0¤¤¤¤08¤¤¤¤#
#.#.77¤PPP#0¤070¤#
#.#..7770P#¤¤¤#..#
#.##..77P¤#####%.#
#.###..77P77%7...#
#####.####..777777...#
####
#........##[.........#
##...
#........####.###....#
##..>.


There were no monsters in sight!

Vanquished Creatures
  3 endoplasms (D:1)
  2 goblins (D:1)
  A hobgoblin (D:1)
  2 jackals (D:1)
  2 quokkas (D:1)
  3 ball pythons (D:1)
  2 bats (D:1)
  A frilled lizard (D:1)
  A kobold (D:1)
  A rat (D:1)
18 creatures vanquished.

Notes
Turn   | Place    | Note
-------+----------+-------------------------------------------
     0 | D:1      | qw the Deep Elf Hunter began the quest for the Orb.
     0 | D:1      | Reached XP level 1. HP: 12/12 MP: 3/3
     0 | D:1      | 0 ||| qw: Version: 0.3-a-155-g5e7d8dd
     0 | D:1      | 0 ||| qw: Game counter: 2975
     0 | D:1      | 0 ||| qw: Melee chars always use a shield: true
     0 | D:1      | 0 ||| qw: God list: Okawaru
     0 | D:1      | 0 ||| qw: Allow faded altars: false
     0 | D:1      | 0 ||| qw: Do Orc after clearing Dungeon:15 true
     0 | D:1      | 0 ||| qw: Do second Lair branch before Depths: true
     0 | D:1      | 0 ||| qw: Lair rune preference: random
     0 | D:1      | 0 ||| qw: Goals: Normal
     0 | D:1      | 0 ||| PLANNING D:1-11
   199 | D:1      | Reached skill level 6 in Ranged Weapons
   199 | D:1      | Reached XP level 2. HP: 12/16 MP: 4/4
   673 | D:1      | Found a faded altar of an unknown god.
   676 | D:1      | 676 ||| READING scroll labelled FONERA WETUCRI.
   777 | D:1      | 777 ||| READING 3 scrolls labelled FIPSOTUASO.
   778 | D:1      | 778 ||| READING scroll labelled FATECK NUPRUA.
   779 | D:1      | 779 ||| READING 4 scrolls labelled RIGGEB RUEMPYE.
   780 | D:1      | 780 ||| DROPPING scroll of butterflies.
   781 | D:1      | 781 ||| DROPPING 2 scrolls of fear.
   783 | D:1      | 783 ||| Stepping ~*~*~tactically~*~*~ (cloud).
   783 | D:1      | HP: 4/16 [poisoned by you (poison gas)]
   784 | D:1      | Succumbed to their own poison gas

Levels and vault maps discovered:
D:1:      dpeg_arrival_rooms_c, layout_rooms, dilly_ecumenical_altar_fadedgnrine

Skill      XL: |  1 |
---------------+----+-----
Ranged Weapons | 6 |  6.3
Fighting       | |  1.5
Dodging        | |  2.4
Stealth        | |  1.2

Action                     || total
---------------------------++-------
   Fire: Shortbow          ||    46
    Use: Scroll            ||     4
 Armour: Leather armour    ||    10
  Dodge: Dodged            ||     6

Table legend:
 A = Non-vault XP
 B = Vault XP
 C = Vault XP percentage of total XP
 D = Non-vault monster count
 E = Vault monster count
 F = Vault count percentage of total count
                 A         B        C        D         E       F
            +---------+---------+-------+---------+---------+-------
      Total |      28 |       0 |   0.0 |      18 |       0 |   0.0
            +---------+---------+-------+---------+---------+-------
        D:1 |      28 |       0 |   0.0 |      18 |       0 |   0.0
            +---------+---------+-------+---------+---------+-------
